 Dungeon Crawl Stone Soup version 0.31-a0-981-geadf994542 (webtiles) character file.

Game seed: 628269896637655550

6254 kae the Mimic (level 10, -13/81 HPs)
             Began as a Red Draconian Shapeshifter on Oct 26, 2023.
             Was a Follower of Qazlal.
             Mangled by Erolcha
             ... wielding a +0 giant club
              (27 damage)
             ... on level 10 of the Dungeon on Oct 31, 2023.
             The game lasted 00:08:48 (10560 turns).

kae the Mimic (Red Draconian Shapeshifter)         Turns: 10560, Time: 00:08:48

Health: -13/81     AC:  7    Str: 16    XL:     10   Next: 62%
Magic:  10/10      EV: 13    Int: 12    God:    Qazlal [*.....]
Gold:   603        SH:  2    Dex: 14    Spells: 9/9 levels left

rFire   + .          .
                       - Unarmed
rCold   . . .        (shield currently unavailable)
rNeg    + . .        (body armour unavailable)
rPois   .            (helmet restricted)
rElec   .            (no cloak)
rCorr   .            (no gloves)
SInv    .            (no boots)
Will    .....        (no amulet)
Stlth   +            N - ring of positive energy
HPRegen 0.33/turn    (no ring)
MPRegen 0.12/turn

%: no passive effects
@: short of breath, flux-form, weak-willed, hasted, glowing, very quick
A: glow, contaminating, breathe fire, AC +7, unfitting armour, fire resistance
1, cold-blooded
a: Breathe Fire, Begin Untransformation, Renounce Religion


You were on level 10 of the Dungeon.
You worshipped Qazlal.
Qazlal was aware of your devotion.
You were something dangerously unstable.
You visited 2 branches of the dungeon, and saw 11 of its levels.
You also visited: Sewer.

You collected 603 gold pieces.


Innate Abilities, Weirdness & Mutations

You are something dangerously unstable.
You glow with magical radiation, making you easy to see and hit.
Foes you strike become dangerously contaminated with magical radiation.
You are incapable of wielding weapons or throwing items.
You can breathe blasts of fire.
Your fiery red scales are hard. (AC +7)
You cannot fit into any form of body armour.
Your flesh is heat resistant. (rF+)
You are cold-blooded and may be slowed by cold attacks.


   Skills:
 + Level 5.2 Fighting
 + Level 4.4 Dodging
 + Level 9.1 Unarmed Combat
 * Level 11.5 Shapeshifting


You had 9 spell levels left.
You didn't know any spells.
Your spell library contained the following spells:

 Spells                   Type           Power      Damage    Failure   Level
 Apportation              Tloc           0%         N/A       32%         1
 Magic Dart               Conj           0%         1d3       32%         1
 Call Imp                 Summ           0%         N/A       45%         2
 Ensorcelled Hibernation  Hex/Ice        0%         N/A       45%         2
 Jinxbite                 Hex            0%         N/A       45%         2
 Inner Flame              Hex/Fire       0%         N/A       69%         3
 Mephitic Cloud           Conj/Pois/Air  0%         N/A       69%         3
 Anguish                  Hex/Necr       0%         N/A       97%         4
 Flame Wave               Conj/Fire      0%         2d4       97%         4
 Sticky Flame             Conj/Fire      0%         2d3       97%         4
 Alistair's Intoxication  Tmut/Pois      0%         N/A       100%        5

Inventory:

Hand Weapons
 C - the +7 Throatcutter {drain, coup de grace}
   (You found it on level 9 of the Dungeon)
Missiles
 i - 92 stones
 l - 52 poisoned darts
 t - 2 curare-tipped darts {=f}
Magical Staves
 z - a staff of death {!a}
   (You found it on level 9 of the Dungeon)
Jewellery
 N - a ring of positive energy (left hand)
   (You found it on level 1 of the Dungeon)
Talismans
 b - a beast talisman
 c - a flux talisman (active)
Wands
 e - a wand of digging (7)
   (You found it on level 6 of the Dungeon)
 q - a wand of iceblast (9)
   (You found it on level 6 of the Dungeon)
 s - a wand of polymorph (10)
   (You found it on level 7 of the Dungeon)
Scrolls
 d - 4 scrolls of noise {!r}
 f - 2 scrolls of butterflies
 g - 3 scrolls of poison {!r}
 j - 4 scrolls of revelation
 k - 3 scrolls of enchant armour
 n - a scroll of teleportation {@r4}
 v - 2 scrolls of blinking {!r}
 x - a scroll of enchant weapon
 y - a scroll of fog
Potions
 a - 4 potions of lignification {!q}
 h - 2 potions of curing {@q1}
 m - 2 potions of degeneration {unknown}
 o - 3 potions of brilliance {unknown}
 r - a potion of mutation {!q}
 u - a potion of enlightenment {unknown}
 w - a potion of ambrosia

Dungeon Overview and Level Annotations

Branches:
Dungeon (10/15) Zot: 26889  Temple (1/1) D:4 Zot: 5998    Lair (0/5) D:8
  Sewer (visited)
    Orc: D:9-12

Altars:
Ashenzari
Cheibriados
Dithmenos
Elyvilon
Fedhas
Gozag
Hepliaklqana
Kikubaaqudgha
Makhleb
Nemelex Xobeh
Okawaru
Qazlal
Ru
Sif Muna
Trog
Uskayaw
Vehumet
Wu Jian
Xom
Yredelemnul
Zin
The Shining One

Shops:
D:7 ?

Annotations:
D:6 3 runed translucent doors, Torious's ghost, novice DECj
D:7 2 transporters
D:10 Erolcha

***,,,,,,,,#$$...#......##..##
*,,,,,,,,,.+.$_$.#....).###.#
*,,,,,,,*#.#..$$.#.......##.#*
***,,,.,,,#.#.....#............
*,,,,,..,*#.#######.......###..
*,,,,,...*#.......[.......####.
*,,,,,....#....##.....##...###,
*,,,,,.......###......##..####*
*,,,,,.......#pĀ°..........##..,
****,,...?..cO.>.........###..,
***..#...ā˜¼####......#####..*
*******,...?.##*####...........**
*,,,,,,,....*******###.....#*,,**
*,,,,,,,...,,,,,,,* *...###*,,,*
*,******..,,,*,,,*****....#*,,,,,
*,* ***#***,**,,,**,,,....,,,,,,
*,* *,,,,,*,**,,<*,,,,,,,,,,,,,,


You could see Erolcha (invisible, contam) and a centaur.


Message History

You hit the komodo dragon.
The komodo dragon glows dangerously bright.
You tail-slap the komodo dragon, but do no damage.
The komodo dragon barely misses you.
You hit the komodo dragon but do no damage.
The komodo dragon shudders as magic cascades through it!!
The komodo dragon twists and deforms.
The komodo dragon bites you! šŸ˜• HP[-14]
You take 14 damage, and now have 67/81 hp.
A komodo dragon is nearby!
You hit the komodo dragon but do no damage.
The komodo dragon begins to glow.
The komodo dragon bites you!
You hit the komodo dragon.
The komodo dragon glows dangerously bright.
You tail-slap the komodo dragon. šŸ˜• HP[-6]
You take 6 damage, and now have 61/81 hp.
A komodo dragon is nearby!
You punch the komodo dragon!
The komodo dragon shudders as magic cascades through it.
You kill the komodo dragon!
Qazlal accepts your kill.
No target in view!
You see here a komodo dragon corpse.
You hear the faint creaking of a distant portcullis.
You now have 603 gold pieces (gained 18).
Found an opulent altar of Gozag.
Found an escape hatch in the floor.
Found a stone staircase leading down. šŸ˜Ž HP[+20]
Your hp is fully restored (81).
As you read the scroll labelled QAEDUI KUIJUSI, it crumbles to dust.
Magic quickly surges around you.
It was a scroll of vulnerability.
Unknown command.
As you read the scroll of identify {@r1}, it crumbles to dust.
w - a potion of ambrosia
As you read the scroll of revelation, it crumbles to dust.
You feel aware of your surroundings.
You sensed 1 shop/portal.
There is an escape hatch in the floor here.
You hear a shout! x2
Erolcha the Cunning comes into view.
She is wielding a +0 giant club.
Erolcha gestures wildly while chanting.
Erolcha flickers and vanishes!
Deactivating autopickup; reactivate with Ctrl-A.
A troll comes into view.
You start waiting.
A troll is nearby!
You swing at nothing.
You swing at nothing.
You swing at nothing.
You hear the faint creaking of a portcullis very nearby.
Something hits you!! šŸ˜® HP[-26]
You take 26 damage, and now have 55/81 hp.
MASSIVE DAMAGE!! (PAUSE)
A centaur comes into view.
The centaur shouts!
You punch the troll!
The troll begins to glow.
The troll bites you. The troll claws you!
* * * LOW HITPOINT WARNING * * *
The troll misses you. šŸ˜Ø HP[-15]
You take 15 damage, and now have 40/81 hp.
You punch the troll!
The troll glows dangerously bright.
Your tail-slap misses the troll. šŸ˜® HP[+1]
You punch the troll!
The troll shudders as magic cascades through it!
The troll twists and deforms.
The troll bites you.
* * * LOW HITPOINT WARNING * * *
The troll claws you but does no damage. The troll claws you.
* * * LOW HITPOINT WARNING * * *
šŸ˜Ø HP[-6]
You take 6 damage, and now have 35/81 hp.
You feel yourself speed up. The troll bites you but does no damage.
The troll closely misses you. The troll misses you.
You punch the troll!
You kill the troll!
Qazlal accepts your kill.
A centaur comes into view.
The centaur wields a +0 shortbow.
The centaur shoots an arrow.
The arrow barely misses you.
The centaur wields a +0 shortbow.
The centaur shoots an arrow. x2
The arrow misses you. šŸ˜Ø HP[+1]
You closely miss something. You hit something.
Erolcha begins to glow.
Erolcha screams, "Erolcha crush your head!"
Erolcha hits you with a +0 giant club!!
* * * LOW HITPOINT WARNING * * *
šŸ˜± HP[-34]
You take 34 damage, and now have 2/81 hp.
MASSIVE DAMAGE!! (PAUSE)
You feel better. šŸ˜± HP[+11]
You regained 11 hp, and now have 13/81 hp.
Aiming: Breathe Fire (3% risk of failure)
Press: ? - help, Shift-Dir - straight line You breathe a blast of fire.
The fiery breath hits Erolcha!
Erolcha hits you with a +0 giant club!!
You die...

Skill      XL: |  1  2  3  4  5  6  7  8  9 10 |
---------------+-------------------------------+-----
Shapeshifting  | 4 5 6 7 9 10 11 | 11.5
Unarmed Combat | 4 5 6 7 8 9 |  9.1
Fighting       | 3 5 |  5.2
Dodging        | 3 4 |  4.4

Action                     |  1- 3 |  4- 6 |  7- 9 | 10-12 || total
---------------------------+-------+-------+-------+-------++-------
  Melee: Unarmed           |    93 |   171 |   312 |   129 ||   705
         Tailslap          |    11 |    21 |    55 |    24 ||   111
         Punch             |     1 |     4 |       |       ||     5
Ability: Breathe Fire      |       |       |     9 |     6 ||    15
    Use: Scroll            |     7 |     4 |     6 |     3 ||    20
         Potion            |       |     2 |     2 |     4 ||     8
   Stab: Sleeping          |       |     1 |       |       ||     1
 Armour: Skin              |    41 |   136 |   234 |   120 ||   531
  Dodge: Dodged            |    46 |   129 |   204 |    88 ||   467
  Block: Other             |       |       |       |     8 ||     8
   Form: Flux              |       |     1 |       |       ||     1

Levels and vault maps discovered:
D:1:      ebering_trefoil_3fold, layout_loops_ring,
          dreamdust_ecumenical_altar_angels_and_demons, st_stairs_4
D:2:      layout_basic, feat_on_display
D:3:      layout_basic, nicolae_overflow_hidden_temple, serial_bayou_lake_a
D:4:      layout_gridville, minmay_temple_entry_enclosed_plants,
          mainiacjoe_sewer_entry_somewhere_in_here_2, uniq_grinder
D:5:      layout_rooms, mainiacjoe_overflow_alcove_1
D:6:      layout_basic, gammafunk_temple_overflow_forgotten,
          biasface_ghost_orc_armoury
D:7:      layout_basic, mainiacjoe_overflow_alcove_4, old_standard_altar,
          serial_shops, nicolae_shop_drivethru
D:8:      layout_loops_ring, mainiacjoe_overflow_swirl, lair_entry_dummy,
          serial_park_tiny_1
D:9:      layout_loops_ring, kennysheep_mini_moat,
          eino_small_chamber_without_monster, dilly_guarded_unrand_throatcut
D:10:     layout_cave_pools, amcnicky_altar_gilded, enter_bailey_7, uniq_erolcha
Temple:   bh_familiar_temple

Notes
Turn   | Place    | Note
-------+----------+-------------------------------------------
     0 | D:1      | kae the Draconian Shapeshifter began the quest for the Orb.
     0 | D:1      | Reached XP level 1. HP: 16/16 MP: 1/1
     0 | D:1      | magus.rc [v1.11.3]
     0 | D:1      | Upgraded the game from 0.31-a0-965-g8a8ce12e04 to
                  | 0.31-a0-981-geadf994542
     0 | D:1      | magus.rc [v1.11.3]
    42 | D:1      | You fall into a shaft and drop 1 floor!
   230 | D:1      | Reached XP level 2. HP: 17/23 MP: 2/2
   415 | D:1      | Found a faded altar of an unknown god.
   483 | D:1      | Reached XP level 3. HP: 28/28 MP: 3/3
   931 | D:2      | You pick up a book of Minor Magic and begin reading...
   931 | D:2      | You add the spells Magic Dart, Call Imp and Mephitic Cloud
                  | to your library.
  1132 | D:2      | You pick up a book of Dreams and begin reading...
  1132 | D:2      | You add the spells Jinxbite, Ensorcelled Hibernation and
                  | Anguish to your library.
  1200 | D:2      | Reached skill level 4 in Shapeshifting
  1536 | D:3      | Reached XP level 4. HP: 34/35 MP: 4/4
  1658 | D:3      | HP: 8/35 [orc/+0 trident (1)]
  1915 | D:3      | Reached skill level 4 in Unarmed Combat
  1971 | D:3      | Reached XP level 5. HP: 40/40 MP: 5/5
  2035 | D:3      | Reached skill level 5 in Shapeshifting
  2163 | D:3      | Found a broken altar of Ashenzari.
  2458 | D:3      | You pick up a book of Flames and begin reading...
  2458 | D:3      | You add the spells Inner Flame, Sticky Flame and Flame Wave
                  | to your library.
  2620 | D:4      | Reached XP level 6. HP: 44/47 MP: 6/6
  2739 | D:4      | Found a glowing drain.
  2747 | Sewer    | Entered a sewer
  2765 | Sewer    | Noticed Pargi
  2777 | Sewer    | Killed Pargi
  3200 | D:4      | Reached skill level 6 in Shapeshifting
  3205 | D:4      | Reached skill level 5 in Unarmed Combat
  3399 | D:4      | You pick up a book of Party Tricks and begin reading...
  3399 | D:4      | You add the spells Apportation and Alistair's Intoxication
                  | to your library.
  3454 | D:4      | Your scales start taking on a fiery red colour.
  3454 | D:4      | Reached XP level 7. HP: 33/52 MP: 7/7
  3454 | D:4      | Gained mutation: Your flesh is heat resistant. (rF+) [Red
                  | Draconian growth]
  3661 | D:4      | Noticed Grinder
  3679 | D:4      | Paralysed by Grinder for 3 turns
  3688 | D:4      | Killed Grinder
  3689 | D:4      | Reached skill level 7 in Shapeshifting
  3818 | D:4      | Found a staircase to the Ecumenical Temple.
  3846 | Temple   | Entered the Ecumenical Temple
  3887 | D:5      | Entered Level 5 of the Dungeon
  3909 | D:4      | HP: 13/52 [poisoned by a scorpion]
  3911 | D:4      | Reached skill level 6 in Unarmed Combat
  4089 | D:5      | Reached XP level 8. HP: 42/59 MP: 8/8
  4194 | D:5      | Reached skill level 8 in Shapeshifting
  4490 | D:5      | Found a hide-covered altar of Uskayaw.
  5026 | D:6      | HP: 12/59 [orc warrior/+0 glaive (14)]
  5033 | D:6      | HP: 13/59 [orc priest/divine providence (16)]
  5036 | D:6      | HP: 4/59 [orc warrior/+0 glaive (10)]
  5419 | D:6      | Reached skill level 7 in Unarmed Combat
  5441 | D:6      | HP: 12/59 [orc warrior/+0 glaive (9)]
  5662 | D:6      | Found a stormy altar of Qazlal.
  5662 | D:6      | Found a snail-covered altar of Cheibriados.
  5663 | D:6      | Found a sparkling altar of Nemelex Xobeh.
  5679 | D:6      | Became a worshipper of Qazlal Stormbringer
  5722 | D:6      | Identified the +9 chain mail of Midnight {Stlth+}
  5723 | D:6      | Found a runed translucent gate.
  5723 | D:6      | Noticed Torious's ghost (novice DECj)
  5730 | D:6      | Reached skill level 9 in Shapeshifting
  5800 | D:6      | Found a runed translucent gate.
  5841 | D:6      | Found a runed translucent gate.
  5897 | D:6      | Noticed a two-headed ogre
  5905 | D:6      | Killed a two-headed ogre
  5906 | D:6      | Reached XP level 9. HP: 27/64 MP: 9/9
  6355 | D:7      | Found a burning altar of Makhleb.
  6686 | D:7      | Found a transporter.
  6691 | D:7      | Found Rezau's Magic Scroll Emporium.
  6806 | D:7      | Found a shimmering altar of Xom.
  7084 | D:7      | Reached skill level 2 in Fighting
  7084 | D:7      | Reached skill level 2 in Dodging
  7084 | D:7      | Reached skill level 8 in Unarmed Combat
  7084 | D:7      | Reached skill level 10 in Shapeshifting
  7199 | D:7      | Identified the +6 short sword "Seqojin" {heavy, Contam
                  | rElec rC+ Dex+8}
  7443 | D:7      | Found a transporter.
  7947 | D:8      | Reached * piety under Qazlal
  8201 | D:8      | Found a glowing silver altar of Zin.
  8242 | D:8      | Found a sacrificial altar of Ru.
  8356 | D:8      | Reached skill level 3 in Fighting
  8521 | D:8      | Found a staircase to the Lair.
  8597 | D:9      | Noticed a two-headed ogre
  8613 | D:9      | Killed a two-headed ogre
  8614 | D:9      | Reached skill level 3 in Dodging
  8614 | D:9      | Reached XP level 10. HP: 23/78 MP: 10/10
  8615 | D:9      | HP: 17/78 [killer bee (7)]
  8620 | D:9      | HP: 13/78 [poisoned by a killer bee]
  8961 | D:9      | Found a glowing golden altar of the Shining One.
  9149 | D:9      | Reached skill level 4 in Fighting
  9399 | D:9      | Reached skill level 11 in Shapeshifting
 10132 | D:9      | Found the +7 Throatcutter {drain, coup de grace}
 10138 | D:9      | Noticed a rust devil
 10157 | D:9      | Noticed a smoke demon
 10161 | D:9      | Reached skill level 4 in Dodging
 10161 | D:9      | Reached skill level 9 in Unarmed Combat
 10169 | D:9      | HP: 19/80 [poisoned by a kobold brigand (curare-tipped
                  | dart)]
 10175 | D:9      | HP: 11/80 [kobold brigand/+0 dagger of pain (6)]
 10186 | D:9      | Reached skill level 5 in Fighting
 10446 | D:10     | Entered Level 10 of the Dungeon
 10531 | D:10     | Found an opulent altar of Gozag.
 10543 | D:10     | Noticed Erolcha
 10558 | D:10     | HP: 2/81 [Erolcha/+0 giant club (34)]
 10560 | D:10     | Mangled by Erolcha

Vanquished Creatures
  2 two-headed ogres
  A kobold demonologist (D:9)
  A komodo dragon (D:10)
  2 trolls
  Grinder (D:4)
  A hornet (D:7)
  2 wyverns
  2 steam dragons
  A water moccasin (D:5)
  An acid dragon (D:9)
  An orc warrior (D:6)
  Pargi (Sewer)
  A black bear (D:4)
  An ogre (D:5)
  2 centaurs
  9 kobold brigands
  A bullfrog (D:9)
  3 scorpions
  4 wights
  11 killer bees (D:9)
  A howler monkey (D:3)
  2 hounds
  2 jellies (D:4)
  3 orc priests
  3 sleepcaps
  2 iguanas (D:6)
  9 orc wizards
  4 gnolls (D:5)
  13 adders
  A shadow imp (D:8)
  3 white imps
  4 ufetubi (D:6)
  3 dart slugs
  29 orcs
  9 ball pythons
  17 endoplasms
  3 giant cockroaches
  8 hobgoblins
  18 kobolds
  3 quokkas
  5 bats
  6 frilled lizards
  3 goblins
  A rat (D:1)
200 creatures vanquished.

Table legend:
 A = Non-vault XP
 B = Vault XP
 C = Vault XP percentage of total XP
 D = Non-vault monster count
 E = Vault monster count
 F = Vault count percentage of total count
                 A         B        C        D         E       F
            +---------+---------+-------+---------+---------+-------
      Total |    7524 |    1411 |  15.8 |     178 |      22 |  11.0
            +---------+---------+-------+---------+---------+-------
        D:1 |      38 |       5 |  11.6 |      21 |       3 |  12.5
        D:2 |      42 |       0 |   0.0 |      12 |       0 |   0.0
        D:3 |     257 |       0 |   0.0 |      30 |       0 |   0.0
        D:4 |     431 |     270 |  38.5 |      19 |       7 |  26.9
        D:5 |     868 |       0 |   0.0 |      24 |       0 |   0.0
        D:6 |    1341 |       0 |   0.0 |      18 |       0 |   0.0
        D:7 |     595 |       0 |   0.0 |      19 |       0 |   0.0
        D:8 |     557 |       0 |   0.0 |       7 |       0 |   0.0
        D:9 |    2721 |     976 |  26.4 |      26 |       7 |  21.2
       D:10 |     674 |       0 |   0.0 |       2 |       0 |   0.0
      Sewer |       0 |     160 | 100.0 |       0 |       5 | 100.0
            +---------+---------+-------+---------+---------+-------

Skill      XL: |  1  2  3  4  5  6  7  8  9 10 |
---------------+-------------------------------+-----
Shapeshifting  | 4 5 6 7 9 10 11 | 11.5
Unarmed Combat | 4 5 6 7 8 9 |  9.1
Fighting       | 3 5 |  5.2
Dodging        | 3 4 |  4.4

Action                     |  1- 3 |  4- 6 |  7- 9 | 10-12 || total
---------------------------+-------+-------+-------+-------++-------
  Melee: Unarmed           |    93 |   171 |   312 |   129 ||   705
         Tailslap          |    11 |    21 |    55 |    24 ||   111
         Punch             |     1 |     4 |       |       ||     5
Ability: Breathe Fire      |       |       |     9 |     6 ||    15
    Use: Scroll            |     7 |     4 |     6 |     3 ||    20
         Potion            |       |     2 |     2 |     4 ||     8
   Stab: Sleeping          |       |     1 |       |       ||     1
 Armour: Skin              |    41 |   136 |   234 |   120 ||   531
  Dodge: Dodged            |    46 |   129 |   204 |    88 ||   467
  Block: Other             |       |       |       |     8 ||     8
   Form: Flux              |       |     1 |       |       ||     1

Illustrated notes

Table legend:
 A = Kills in this place as a percentage of kills in the entire game.
 B = Kills by you in this place as a percentage of kills by you in the entire game.
 C = Kills by friends in this place as a percentage of kills by friends in the entire game.
 D = Other kills in this place as a percentage of other kills in the entire game.
 E = Experience gained in this place as a percentage of experience gained in the entire game.
 F = Experience gained in this place divided by the number of levels of this place that you have seen.
                   A       B       C       D       E      F
               +-------+-------+-------+-------+-------+----------------------
         Total | 100.0 | 100.0 |   N/A |   N/A | 100.0 | 744.6
       Dungeon |  97.5 |  97.5 |   N/A |   N/A |  98.2 | 877.5
         Sewer |   2.5 |   2.5 |   N/A |   N/A |   1.8 | 160.0
               +-------+-------+-------+-------+-------+----------------------

Table legend: (Time is in decaauts)
 A = Elapsed time spent in this place.
 B = Non-inter-level travel time spent in this place.
 C = Inter-level travel time spent in this place.
 D = Time resting spent in this place.
 E = Time spent auto-exploring this place.
 F = Levels seen in this place.
 G = Mean time per level.
                   A        B        C        D        E       F      G
               +--------+--------+--------+--------+--------+-----+--------+
         Total |  10558 |  10181 |    377 |    991 |   7772 |  12 |  879.8 |
       Dungeon |  10298 |   9923 |    375 |    917 |   7645 |  10 | 1029.8 |
        Temple |      1 |      0 |      1 |      0 |      0 |   1 |    1.0 |
         Sewer |    258 |    258 |      0 |     74 |    127 |   1 |  258.0 |
               +--------+--------+--------+--------+--------+-----+--------+

Top non-repeatable levels by time:
     D:9: 1652 daAuts
     D:6: 1273 daAuts
     D:7: 1203 daAuts
     D:3: 1174 daAuts
     D:4: 1154 daAuts
     D:8: 1140 daAuts
     D:5: 1069 daAuts
     D:2: 781 daAuts
     D:1: 740 daAuts
   Sewer: 258 daAuts
    D:10: 109 daAuts
  Temple: 1 daAuts
